AoeStats
← [CL] Al3jandr0.magn00

Arabia

503691127Analyzed
1v1 RM · 1mo ago on Sep 1, 2026· 47m 48s· 2 players
Game mode
Random Map
Map size
Tiny (2 player)
Population
200
Speed
Normal
Resources
Standard
Victory
Conquest
Starting age
Dark Age
Ending age
Imperial Age
RankedLock teamsTeams togetherTeam positionsShared explorationLock speedFull tech treeHidden civsTurbo modeCheats
Victory
Defeat
🇦🇷 Malay · Argentina
1801
+20
🇦🇷 Saracens · Argentina
1894
-20
CeCa_Mascherano014
7:46 Loom
10:06 Feudal Age
9:43 Double-Bit Axe
10:56 Horse Collar
19:12 Castle Age
17:46 Stone Mining
18:36 Forging
19:11 Wheelbarrow
18:42 Gold Mining
20:21 Bow Saw
20:11 Town Watch
22:09 Squires
23:35 Fletching
24:20 Bodkin Arrow
33:38 Imperial Age
34:14 Bracer
36:20 Conscription
36:12 Forging
36:45 Elite Karambit Warrior
46:32 Gold Shaft Mining
[CL] Al3jandr0.magn00
6:39 Loom
9:21 Feudal Age
9:53 Double-Bit Axe
20:00 Castle Age
18:26 Horse Collar
19:59 Fletching
20:03 Crossbowman
20:38 Bodkin Arrow
28:31 Wheelbarrow
33:16 Imperial Age
34:30 Bracer
35:49 Town Watch
37:54 Chemistry
Connection lost

Rejoining the realm…

Still unreachable

The connection could not be restored.

Session expired

The server has moved on; the page needs a fresh start.